 Dungeon Crawl Stone Soup version 0.23-a0-494-g91793a9 (webtiles) character file.

205 Leeroy the Charmwright (level 5, -12/43 HPs)
             Began as a Gnoll Skald on Dec 4, 2018.
             Was a Follower of Elyvilon.
             Mangled by an ogre
             ... wielding a +0 giant club
              (15 damage)
             ... on level 4 of the Dungeon.
             The game lasted 00:12:02 (2065 turns).

Leeroy the Charmwright (Gnoll Skald)                Turns: 2065, Time: 00:12:02

Health: -12/43     AC:  5    Str: 14    XL:     5   Next: 83%
Magic:  7/12       EV: 13    Int: 16    God:    Elyvilon [*.....]
Gold:   189        SH:  0    Dex: 14    Spells: 3/14 levels left

rFire    . . .     SeeInvis .   g - +2 short sword (venom)
rCold    . . .     Gourm    .   (no shield)
rNeg     . . .     Faith    .   m - +0 ring mail
rPois    .         Spirit   .   (no helmet)
rElec    .         Reflect  .   (no cloak)
rCorr    .         Harm     .   (no gloves)
MR       .....                  (no boots)
Stlth    +.........             (no amulet)
HPRegen  0.14/turn              (no ring)
MPRegen  0.13/turn              (no ring)

@: protection
A: distributed training, fangs 1, strong nose
a: Lesser Healing, Divine Protection, Renounce Religion


You were on level 4 of the Dungeon.
You worshipped Elyvilon.
Elyvilon was aware of your devotion.
You were not hungry.

You visited 1 branch of the dungeon, and saw 4 of its levels.

You collected 189 gold pieces.

Inventory:

Hand Weapons
 a - a +0 falchion
 e - a +0 dagger
 g - a +2 short sword of venom (weapon)
 i - a +0 hunting sling
 r - a +0 dagger
 y - a +0 hand axe
 B - a +0 short sword
 H - a +0 trident
 K - a +0 dagger
Missiles
 c - 158 stones (quivered)
 o - 39 arrows
 p - 11 sling bullets
 z - 21 bolts
 D - 37 poisoned needles
 J - 5 tomahawks
Armour
 b - a +0 leather armour
 m - a +0 ring mail (worn)
 u - a +0 scale mail
 E - a +0 chain mail
 F - a cursed -1 buckler
 L - a +0 ring mail
Jewellery
 h - an uncursed amulet of rage {unknown}
Wands
 G - a wand of digging (5)
Scrolls
 f - 2 scrolls of fog {unknown}
 j - 2 scrolls of remove curse {unknown}
 k - a scroll of magic mapping {unknown}
 l - 3 scrolls of identify
 q - 2 scrolls of enchant weapon {unknown}
 s - a scroll of enchant armour {unknown}
 w - a scroll of immolation {unknown}
 x - a scroll of blinking {unknown}
 A - 2 scrolls of amnesia {unknown}
 C - 4 scrolls of teleportation {unknown}
Potions
 n - a potion of curing
 t - 2 potions of lignification {unknown}
 v - a potion of might {unknown}
 I - 2 potions of flight {unknown}
Comestibles
 d - 6 rations
 M - 2 chunks of flesh


   Skills:
 + Level 4.8 Fighting
 + Level 1.6 Short Blades
 + Level 4.8 Long Blades
 + Level 1.6 Axes
 + Level 1.6 Maces & Flails
 + Level 1.6 Polearms
 + Level 1.6 Staves
 + Level 1.6 Slings
 + Level 1.6 Bows
 + Level 1.6 Crossbows
 + Level 1.6 Throwing
 + Level 3.0 Armour
 + Level 4.8 Dodging
 + Level 1.6 Stealth
 + Level 1.6 Shields
 + Level 1.6 Unarmed Combat
 + Level 5.2 Spellcasting
 + Level 1.3 Conjurations
 + Level 1.3 Hexes
 + Level 5.6 Charms
 + Level 1.3 Summonings
 + Level 1.3 Necromancy
 + Level 1.3 Translocations
 + Level 1.3 Transmutations
 + Level 1.3 Fire Magic
 + Level 1.3 Ice Magic
 + Level 1.3 Air Magic
 + Level 1.3 Earth Magic
 + Level 1.3 Poison Magic
 + Level 1.8 Invocations
 + Level 1.6 Evocations


You had 3 spell levels left.
You knew the following spells:

 Your Spells              Type           Power        Failure   Level  Hunger
a - Infusion              Chrm           ###.         3%          1    None
b - Song of Slaying       Chrm           ###.....     4%          2    #......
c - Shroud of Golubria    Chrm/Tloc      ###.......   11%         2    #......
d - Regeneration          Chrm/Necr      ###.......   22%         3    ###....
e - Spectral Weapon       Hex/Chrm       ###.....     22%         3    ###....

Your spell library contained the following spells:

 Spells                   Type           Power        Failure   Level  Hunger


Dungeon Overview and Level Annotations

Branches:
Dungeon (4/15)
 Temple: D:4-7

Altars:
Dithmenos
Elyvilon


Innate Abilities, Weirdness & Mutations

Your experience applies equally to all skills.
You have very sharp teeth.
Your uncanny sense of smell can sniff out nearby items.


Message History

You barely miss the ogre.
The ogre is lightly wounded.
Your spectral weapon completely misses the ogre.
The jackal bites you but does no damage.
The ogre misses you.
You hit the ogre but do no damage.
The ogre is poisoned.
The ogre is lightly wounded.
Your spectral weapon hits the ogre.
The ogre looks as sick as possible!
The jackal bites you but does no damage.
The jackal bites you.
* * * LOW HITPOINT WARNING * * *
You beseech Elyvilon to protect your life.
The ogre hits you with a +0 giant club!
* * * LOW HITPOINT WARNING * * *
The jackal closely misses you.
Really attack the ogre while asking for your life to be spared?
This attack
Okay, then.
The jackal bites you but does no damage.
The ogre hits you with a +0 giant club!
You die...

.##.... ................
#.... ............. ....
............. ..#
#............ #†#
#............ .
##(####.....#......
....##hO.##...##.#......
#..<.@......#..#......
#.#............#......
.......................
##.##............##...#.
# ...........#.###.#...
#####.....#.##.####....
..........###...###....
......#................
.....#......#..........


You could see an ogre, a jackal and a friendly spectral +2 short sword of venom.

Vanquished Creatures
  A water moccasin skeleton (D:4)
  A hound (D:4)
  A worker ant (D:4)
  A hound skeleton (D:4)
  3 worms
  6 dart slugs
  A leopard gecko (D:1)
  A ball python (D:1)
  4 giant cockroaches
  9 goblins
  6 hobgoblins
  4 jackals
  A quokka (D:3)
  9 bats
  5 frilled lizards
  A jackal skeleton (D:4)
  10 kobolds
  A leopard gecko skeleton (D:4)
  4 rats
69 creatures vanquished.

Notes
Turn   | Place    | Note
-------+----------+-------------------------------------------
     0 | D:1      | Leeroy the Gnoll Skald began the quest for the Orb.
     0 | D:1      | Reached XP level 1. HP: 20/20 MP: 6/6
   157 | D:1      | Reached XP level 2. HP: 26/26 MP: 7/7
   161 | D:1      | Learned a level 2 spell: Song of Slaying
   164 | D:1      | Learned a level 2 spell: Shroud of Golubria
   444 | D:1      | Reached XP level 3. HP: 30/31 MP: 9/9
   585 | D:1      | Learned a level 3 spell: Regeneration
   589 | D:1      | Learned a level 3 spell: Spectral Weapon
   606 | D:2      | Reached skill level 5 in Spellcasting
   728 | D:2      | Reached skill level 1 in Invocations
   994 | D:2      | Found a white marble altar of Elyvilon.
   998 | D:2      | Reached skill level 1 in Short Blades
   998 | D:2      | Reached skill level 1 in Axes
   998 | D:2      | Reached skill level 1 in Maces & Flails
   998 | D:2      | Reached skill level 1 in Polearms
   998 | D:2      | Reached skill level 1 in Staves
   998 | D:2      | Reached skill level 1 in Slings
   998 | D:2      | Reached skill level 1 in Bows
   998 | D:2      | Reached skill level 1 in Crossbows
   998 | D:2      | Reached skill level 1 in Throwing
   998 | D:2      | Reached skill level 1 in Stealth
   998 | D:2      | Reached skill level 1 in Shields
   998 | D:2      | Reached skill level 1 in Unarmed Combat
   998 | D:2      | Reached skill level 1 in Evocations
  1008 | D:2      | Became a worshipper of Elyvilon the Healer
  1096 | D:2      | Reached XP level 4. HP: 30/38 MP: 11/11
  1487 | D:3      | Reached * piety under Elyvilon
  1921 | D:4      | Found a shadowy altar of Dithmenos.
  1971 | D:4      | Reached skill level 1 in Conjurations
  1971 | D:4      | Reached skill level 1 in Hexes
  1971 | D:4      | Reached skill level 1 in Summonings
  1971 | D:4      | Reached skill level 1 in Necromancy
  1971 | D:4      | Reached skill level 1 in Translocations
  1971 | D:4      | Reached skill level 1 in Transmutations
  1971 | D:4      | Reached skill level 1 in Fire Magic
  1971 | D:4      | Reached skill level 1 in Ice Magic
  1971 | D:4      | Reached skill level 1 in Air Magic
  1971 | D:4      | Reached skill level 1 in Earth Magic
  1971 | D:4      | Reached skill level 1 in Poison Magic
  1971 | D:4      | Reached XP level 5. HP: 40/43 MP: 12/12
  2051 | D:4      | Noticed an ogre
  2064 | D:4      | HP: 2/43 [ogre/+0 giant club (8)]
  2065 | D:4      | Mangled by an ogre

Vault maps used:
D:1:      minmay_arrival_split_and_join
D:2:      minivault_25, kennysheep_flooded_box
D:3:      first_ration, minmay_fountain_box
D:4:      nicolae_dithmenos_through_a_glass_darkly, bloody_trog, led_sif_book

Skill      XL: |  1  2  3  4  5 |
---------------+----------------+-----
Spellcasting   | 5 |  5.2
Invocations    | 1 |  1.8
Short Blades   | 1 |  1.6
Axes           | 1 |  1.6
Maces & Flails | 1 |  1.6
Polearms       | 1 |  1.6
Staves         | 1 |  1.6
Slings         | 1 |  1.6
Bows           | 1 |  1.6
Crossbows      | 1 |  1.6
Throwing       | 1 |  1.6
Stealth        | 1 |  1.6
Shields        | 1 |  1.6
Unarmed Combat | 1 |  1.6
Evocations     | 1 |  1.6
Conjurations   | 1 |  1.3
Hexes          | 1 |  1.3
Summonings     | 1 |  1.3
Necromancy     | 1 |  1.3
Translocations | 1 |  1.3
Transmutations | 1 |  1.3
Fire Magic     | 1 |  1.3
Ice Magic      | 1 |  1.3
Air Magic      | 1 |  1.3
Earth Magic    | 1 |  1.3
Poison Magic   | 1 |  1.3
Armour         | 3 |  3.0
Fighting       | |  4.8
Long Blades    | |  4.8
Dodging        | |  4.8
Charms         | |  5.6

Action                   |  1- 3 |  4- 6 || total
-------------------------+-------+-------++-------
Melee: Falchion          |    16 |       ||    16
       Bite              |    13 |     8 ||    21
       Short sword       |    72 |    81 ||   153
 Cast: Spectral Weapon   |       |     2 ||     2
       Shroud of Golubri |       |     1 ||     1
Invok: Lesser Healing    |       |     8 ||     8
       Divine Protection |       |     1 ||     1
  Use: Scroll            |       |     1 ||     1
       Potion            |       |     1 ||     1
  Eat: Chunk             |     1 |     2 ||     3
       Ration            |       |     1 ||     1
Armor: Leather armour    |    15 |       ||    15
       Ring mail         |    12 |    38 ||    50
Dodge: Dodged            |   108 |    81 ||   189
       Rpst.: Falchion   |     3 |       ||     3

Table legend:
 A = Non-vault XP
 B = Vault XP
 C = Vault XP percentage of total XP
 D = Non-vault monster count
 E = Vault monster count
 F = Vault count percentage of total count
                 A         B        C        D         E       F
            +---------+---------+-------+---------+---------+-------
      Total |     293 |       0 |   0.0 |      69 |       0 |   0.0
            +---------+---------+-------+---------+---------+-------
        D:1 |      36 |       0 |   0.0 |      20 |       0 |   0.0
        D:2 |      47 |       0 |   0.0 |      23 |       0 |   0.0
        D:3 |      35 |       0 |   0.0 |      16 |       0 |   0.0
        D:4 |     175 |       0 |   0.0 |      10 |       0 |   0.0
            +---------+---------+-------+---------+---------+-------
